 Dungeon Crawl Stone Soup version 0.31-a0-1225-g50297eb6a4 (webtiles) character file.

Game seed: 7571680826801526543

34201 tsouns the Brawler (level 13, 0/117 HPs)
             Began as a Troll Shapeshifter on Dec 14, 2023.
             Was a High Priest of Hepliaklqana.
             Slain by a seven-headed hydra (12 damage)
             ... on level 5 of the Lair of Beasts.
             The game lasted 00:26:33 (10501 turns).

tsouns the Brawler (Troll Shapeshifter)            Turns: 10501, Time: 00:26:34

Health: 0/117      AC: 16    Str: 29    XL:     13   Next: 40%
Magic:  16/16      EV:  9    Int:  6    God:    Hepliaklqana [*****.]
Gold:   1167       SH:  0    Dex:  9    Spells: 12/12 levels left

rFire   . .          .
                       - Unarmed
rCold   . . .        (no shield)
rNeg    . . .        C - +0 acid dragon scales
rPois   .            (helmet currently unavailable)
rElec   .            m - melded +1 cloak
rCorr   +            (gloves unavailable)
SInv    .            (boots unavailable)
Will    .....        r - amulet of magic regeneration
Stlth   +            k - +4 ring of protection
HPRegen 1.19/turn    z - +4 ring of protection
MPRegen 0.55/turn

%: no passive effects
@: beast-form
A: beast (slay +4), reduced essence, large, unfitting armour, claws 3,
regeneration 1, shaggy fur 1, tough skin 1
a: Begin Untransformation, Renounce Religion, Recall Ancestor, Ancestor
Identity, Transference, Idealise


You were on level 5 of the Lair of Beasts.
You worshipped Hepliaklqana.
Hepliaklqana was extremely pleased with you.
You were a hulking beast.
You visited 2 branches of the dungeon, and saw 15 of its levels.
You also visited: Bailey.

You collected 1326 gold pieces.
You spent 159 gold pieces at shops.

Inventory:

Hand Weapons
 F - the +3 greatsling "Punk" {acid, rCorr}
   (You took it off a kobold in a bailey)

   rCorr:     It protects you from acid and corrosion.
Armour
 m - a +1 cloak (melded)
 C - +0 acid dragon scales (worn)
 E - a +0 hat
Jewellery
 k - a +4 ring of protection (left claw)
 r - an amulet of magic regeneration (around neck)
 z - a +4 ring of protection (right claw)
 M - a ring of protection from cold
Talismans
 c - a beast talisman (active)
 d - a flux talisman
Wands
 a - a wand of roots (10)
 q - a wand of flame (15)
 s - a wand of charming (10)
 I - a wand of quicksilver (2)
Scrolls
 e - a scroll of amnesia
 f - 3 scrolls of vulnerability
 g - 3 scrolls of immolation
 i - 2 scrolls of fear
 l - 2 scrolls of torment
 n - 2 scrolls of enchant weapon
 o - a scroll of noise
 t - 7 scrolls of teleportation
 u - 3 scrolls of blinking
 y - 3 scrolls of poison
 D - a scroll of fog
 G - 2 scrolls of revelation
Potions
 b - 4 potions of lignification
 h - 3 potions of brilliance
 j - 3 potions of heal wounds
 p - a potion of magic
 v - 5 potions of enlightenment
 w - a potion of degeneration
 x - 8 potions of curing
 A - 3 potions of ambrosia {unknown}
 B - 2 potions of invisibility
 H - a potion of resistance
 J - 3 potions of cancellation
 K - 3 potions of mutation {unknown}
 L - a potion of attraction {unknown}
 N - a potion of berserk rage {unknown}


   Skills:
 + Level 9.6 Fighting
 - Level 1.5 Dodging
 * Level 16.0 Unarmed Combat
 + Level 5.4 Invocations
 + Level 10.9 Shapeshifting


You had 12 spell levels left.
You didn't know any spells.
Your spell library contained the following spells:

 Spells                   Type           Power      Damage    Failure   Level
 Shock                    Conj/Air       0%         1d3       52%         1
 Frozen Ramparts          Ice            0%         1d1       87%         3
 Ozocubu's Armour         Ice            0%         N/A       87%         3
 Stone Arrow              Conj/Erth      0%         3d7       87%         3
 Swiftness                Air            0%         N/A       87%         3
 Volatile Blastmotes      Fire/Tloc      0%         2d10      87%         3
 Airstrike                Air            0%         2d(0-16)  99%         4
 Animate Armour           Summ/Erth      0%         N/A       99%         4
 Animate Dead             Necr           0%         N/A       99%         4
 Fulminant Prism          Conj/Hex       0%         3d5       99%         4
 Iskenderun's Mystic Bla  Conj/Tloc      0%         2d3       99%         4
 Petrify                  Tmut/Erth      0%         N/A       99%         4
 Metabolic Englaciation   Hex/Ice        0%         N/A       100%        5
 Simulacrum               Ice/Necr       0%         N/A       100%        6
 Haunt                    Necr/Summ      0%         N/A       100%        7
 Ozocubu's Refrigeration  Ice            0%         4d7       100%        7
 Infestation              Necr           0%         N/A       100%        8
 Lehudib's Crystal Spear  Conj/Erth      0%         10d2      100%        8


Dungeon Overview and Level Annotations

Branches:
Dungeon (11/15)            Temple (0/1) D:6            Lair (3/5) D:10
  Swamp (0/4) Lair:2          Orc (0/2) D:11         Bailey (visited)
  Snake: Lair:2-3    Spider: Lair:2-3

Altars:
Ashenzari
Dithmenos
Elyvilon
Hepliaklqana
Makhleb
Nemelex Xobeh
Okawaru
Qazlal
Ru
Sif Muna
Trog
Uskayaw
Vehumet
Zin
The Shining One

Shops:
D:2 ?   D:7 *


Innate Abilities, Weirdness & Mutations

You are a hulking beast.
Your limbs bulge with bestial killing power. (Slay +4)
Your life essence is reduced to manifest your ancestor. (-10% HP)
You are too large for most types of armour.
You have claws for hands.
Your natural rate of healing is unusually fast.
You are covered in fur. (AC +1)
You have tough skin. (AC +1)


Message History

You are engulfed in a cloud of scalding steam.
The merfolk avatar chants its luring song.
You closely miss the steam dragon.
The steam dragon is severely wounded.
You are engulfed in a cloud of scalding steam.
The polar bear is engulfed in a cloud of scalding steam.
The polar bear bites you!
* * * LOW HITPOINT WARNING * * *
The polar bear claws you but does no damage. x2
The steam dragon breathes steam at you. The ball of steam misses you.
You hear a loud, deep croak!
You barely miss the steam dragon. You claw the steam dragon!
You kill the steam dragon!
The steam dragon scales are intact enough to wear.
The merfolk avatar chants its luring song.
The polar bear bites you!
* * * LOW HITPOINT WARNING * * *
The polar bear claws you but does no damage.
The polar bear claws you.
* * * LOW HITPOINT WARNING * * *
You feel much better.
Your surroundings suddenly seem different.
A six-headed hydra comes into view.
Found Great Wizards, Vol.
II.
You are no longer entranced.
The six-headed hydra roars!
Unknown command.
You tear one of the six-headed hydra's heads off!
The five-headed hydra grows two more!
You claw the seven-headed hydra!
The seven-headed hydra is lightly wounded.
The seven-headed hydra bites you!
* * * LOW HITPOINT WARNING * * *
The seven-headed hydra bites you!
* * * LOW HITPOINT WARNING * * *
The seven-headed hydra bites you but does no damage.
The seven-headed hydra bites you!
* * * LOW HITPOINT WARNING * * *
The seven-headed hydra bites you!
You die...

#### ##.PP##
##.P...#
#h.....#
#..D.......
#............
#.............
##............
#.............
#.............
#..:..........


You could see a seven-headed hydra.

Vanquished Creatures
  Gastronok (Lair:1)
  Snorg (Lair:3)
  A hydra (Lair:2)
  A two-headed ogre (D:11)
  5 death yaks (Lair:1)
  Urug (Lair:5)
  A skyshark (Lair:5)
  A sea snake (Lair:5)
  Pikel (D:6)
  A harpy (Lair:5)
  An orc knight (Bailey)
  2 ugly things (D:11)
  15 elephants
  Joseph (Lair:1)
  A black mamba (Lair:1)
  Maggie (D:6)
  An unseen horror (D:10)
  Jeremiah (D:8)
  3 cane toads
  A rime drake (Lair:3)
  2 trolls
  A wind drake (Lair:5)
  2 polar bears
  4 blink frogs (Lair:1)
  A wyvern (D:7)
  34 yaks
  2 steam dragons (Lair:5)
  3 basilisks
  A warg (D:11)
  10 water moccasins
  An acid dragon (D:10)
  A swamp worm (Lair:2)
  5 ice beasts
  11 orc warriors
  A sky beast (D:7)
  An ogre (D:5)
  A black bear (D:6)
  7 wolves
  2 lemures (D:6)
  15 bullfrogs
  7 scorpions
  A gnoll sergeant (D:10)
  5 wights (D:8)
  11 killer bees
  2 electric eels (Lair:2)
  4 howler monkeys
  2 hounds
  4 jellies
  Crazy Yiuf (D:6)
  11 orc priests
  A sleepcap (D:5)
  Terence (D:3)
  5 iguanas
  4 orc wizards
  Robin (D:3)
  10 gnolls
  7 adders
  2 ufetubi (D:5)
  2 worms (D:2)
  3 dart slugs
  49 orcs
  13 bats
  6 endoplasms
  3 giant cockroaches
  15 goblins
  15 hobgoblins
  5 quokkas
  5 ball pythons
  2 frilled lizards
  21 kobolds
  7 rats
371 creatures vanquished.

Vanquished Creatures (collateral kills)
  A two-headed ogre (D:10)
  A cane toad (Lair:1)
  A polar bear (Lair:2)
  A blink frog (Lair:1)
  3 yaks
  A basilisk (Lair:1)
  An orc warrior (D:11)
  A wolf (Lair:1)
  An ogre (D:7)
  2 kobold brigands
  An orc priest (D:9)
  3 orc wizards
  A gnoll (D:10)
  6 orcs
  A goblin (Bailey)
  3 kobolds (Bailey)
28 creatures vanquished.

Vanquished Creatures (others)
  A wyvern (Lair:5)
  7 hexers
8 creatures vanquished.

Grand Total: 407 creatures vanquished

Notes
Turn   | Place    | Note
-------+----------+-------------------------------------------
     0 | D:1      | tsouns the Troll Shapeshifter began the quest for the Orb.
     0 | D:1      | Reached XP level 1. HP: 18/18 MP: 0/0
    95 | D:1      | Reached skill level 1 in Fighting
   160 | D:1      | Found a faded altar of an unknown god.
   162 | D:1      | Prayed at the altar of an unknown god.
   162 | D:1      | Became a worshipper of Elyvilon the Healer
   162 | D:1      | Reached * piety under Elyvilon
   168 | D:1      | Reached XP level 2. HP: 25/27 MP: 1/1
   563 | D:2      | Reached XP level 3. HP: 33/33 MP: 2/2
   586 | D:2      | Reached ** piety under Elyvilon
   673 | D:2      | Reached skill level 4 in Unarmed Combat
   886 | D:2      | Found Qonuerghy's Magic Scroll Shoppe.
   889 | D:2      | Bought a scroll of immolation for 44 gold pieces
   889 | D:2      | Bought a scroll of noise for 11 gold pieces
   889 | D:2      | Bought a scroll of identify for 22 gold pieces
   889 | D:2      | Bought a scroll of identify for 22 gold pieces
  1065 | D:3      | Reached XP level 4. HP: 41/41 MP: 3/3
  1127 | D:3      | Noticed Terence
  1142 | D:3      | Killed Terence
  1215 | D:3      | Noticed Robin
  1223 | D:3      | Killed Robin
  1422 | D:3      | Found a burning altar of Makhleb.
  1426 | D:3      | Found a hide-covered altar of Uskayaw.
  1524 | D:3      | Found a broken altar of Ashenzari.
  1524 | D:3      | Found a sacrificial altar of Ru.
  1526 | D:3      | Found an iron altar of Okawaru.
  1670 | D:4      | Reached XP level 5. HP: 49/49 MP: 4/4
  1703 | D:4      | Reached *** piety under Elyvilon
  1787 | D:4      | Reached skill level 5 in Unarmed Combat
  2067 | D:4      | Reached XP level 6. HP: 59/59 MP: 5/5
  2455 | D:4      | Reached skill level 6 in Unarmed Combat
  2461 | D:4      | Reached XP level 7. HP: 63/67 MP: 6/6
  2526 | D:5      | Entered Level 5 of the Dungeon
  2685 | D:5      | Reached **** piety under Elyvilon
  2733 | D:5      | Noticed a yak
  2749 | D:5      | Killed a yak
  2750 | D:5      | Reached skill level 7 in Unarmed Combat
  2750 | D:5      | Reached skill level 5 in Shapeshifting
  2755 | D:5      | Noticed a yak
  2755 | D:5      | Noticed a yak
  2755 | D:5      | Noticed a yak
  2763 | D:5      | Noticed a yak
  2767 | D:5      | Killed a yak
  2768 | D:5      | Reached XP level 8. HP: 70/78 MP: 7/7
  2778 | D:5      | Reached skill level 8 in Unarmed Combat
  2873 | D:5      | Found a shimmering blue altar of Sif Muna.
  2911 | D:5      | Found a sparkling altar of Nemelex Xobeh.
  3095 | D:5      | Found a large runed translucent door.
  3117 | D:5      | Found a large runed translucent door.
  3142 | D:5      | Found a hazy altar of Hepliaklqana.
  3155 | D:5      | Found a bloodstained altar of Trog.
  3166 | D:5      | Fell from the grace of Elyvilon
  3166 | D:5      | Became a worshipper of Hepliaklqana the Forgotten
  3478 | D:5      | Found a shadowy altar of Dithmenos.
  3688 | D:6      | Reached XP level 9. HP: 87/87 MP: 8/8
  3700 | D:6      | Noticed Maggie
  3712 | D:6      | Killed Maggie
  3713 | D:6      | Reached skill level 5 in Fighting
  3713 | D:6      | Reached skill level 9 in Unarmed Combat
  3856 | D:6      | Found a runed translucent door.
  3857 | D:6      | Noticed Crazy Yiuf
  3928 | D:6      | Reached * piety under Hepliaklqana
  4006 | D:6      | Found a staircase to the Ecumenical Temple.
  4125 | D:6      | Noticed Pikel
  4136 | D:6      | Killed Pikel
  4137 | D:6      | Reached skill level 10 in Unarmed Combat
  4327 | D:6      | Killed Crazy Yiuf
  4567 | D:7      | Found a glowing golden altar of the Shining One.
  4568 | D:7      | Found a glowing silver altar of Zin.
  4569 | D:7      | Found a white marble altar of Elyvilon.
  4733 | D:7      | Reached XP level 10. HP: 79/88 MP: 9/9
  4901 | D:7      | Reached skill level 11 in Unarmed Combat
  4970 | D:7      | Reached ** piety under Hepliaklqana
  4971 | D:7      | Remembered your ancestor Rakle as a hexer
  5012 | D:7      | Found Denax's General Store.
  5033 | D:7      | Bought a scroll of fear for 60 gold pieces
  5717 | D:8      | Noticed Jeremiah
  5727 | D:8      | Killed Jeremiah
  5808 | D:8      | Found a stormy altar of Qazlal.
  5985 | D:9      | Found a flagged portal.
  6007 | Bailey   | Entered a bailey
  6043 | Bailey   | Noticed an orc knight
  6053 | Bailey   | Killed an orc knight
  6189 | Bailey   | Reached skill level 12 in Unarmed Combat
  6300 | D:9      | Reached *** piety under Hepliaklqana
  6375 | D:9      | Found a radiant altar of Vehumet.
  6846 | D:10     | Entered Level 10 of the Dungeon
  6863 | D:10     | Noticed a two-headed ogre
  6880 | D:10     | Killed a two-headed ogre
  6881 | D:10     | Reached XP level 11. HP: 10/98 MP: 10/10
  7193 | D:10     | Reached **** piety under Hepliaklqana
  7236 | D:10     | Found a staircase to the Lair.
  7271 | D:10     | Reached skill level 13 in Unarmed Combat
  7695 | D:11     | Found a staircase to the Orcish Mines.
  7695 | D:11     | Noticed a cyan ugly thing
  7714 | D:11     | Killed a cyan ugly thing
  8013 | D:11     | Noticed a purple ugly thing
  8020 | D:11     | Killed a purple ugly thing
  8074 | D:11     | Noticed a two-headed ogre
  8082 | D:11     | Killed a two-headed ogre
  8294 | Lair:1   | Entered Level 1 of the Lair of Beasts
  8351 | Lair:1   | Reached skill level 1 in Invocations
  8357 | Lair:1   | Reached skill level 14 in Unarmed Combat
  8389 | Lair:1   | Reached XP level 12. HP: 20/108 MP: 12/12
  8489 | Lair:1   | Noticed Joseph
  8499 | Lair:1   | Killed Joseph
  8560 | Lair:1   | Noticed a death yak
  8573 | Lair:1   | Noticed a death yak
  8578 | Lair:1   | Noticed a death yak
  8594 | Lair:1   | Noticed a death yak
  8663 | Lair:1   | Noticed a death yak
  8709 | Lair:1   | Killed a death yak
  8710 | Lair:1   | Reached skill level 10 in Shapeshifting
  8710 | Lair:1   | Killed a death yak
  8713 | Lair:1   | Killed a death yak
  8720 | Lair:1   | Killed a death yak
  8727 | Lair:1   | Killed a death yak
  8728 | Lair:1   | Reached skill level 15 in Unarmed Combat
  8783 | Lair:1   | Noticed Gastronok
  8794 | Lair:1   | Killed Gastronok
  9364 | Lair:2   | Reached ***** piety under Hepliaklqana
  9424 | Lair:2   | Identified the staff of the Traitor {rPois rN+ Conj}
  9553 | Lair:2   | Reached XP level 13. HP: 107/117 MP: 15/15
  9573 | Lair:2   | Found a staircase to the Swamp.
 10335 | Lair:3   | Noticed Snorg
 10342 | Lair:3   | Killed Snorg
 10343 | Lair:3   | Reached skill level 5 in Invocations
 10435 | Lair:3   | You fall into a shaft and drop 2 floors!
 10435 | Lair:5   | Entered Level 5 of the Lair of Beasts
 10435 | Lair:5   | Noticed Urug
 10441 | Lair:5   | Killed Urug
 10485 | Lair:5   | Reached skill level 16 in Unarmed Combat
 10501 | Lair:5   | Slain by a seven-headed hydra

Illustrated notes

Levels and vault maps discovered:
D:1:      dpeg_arrival_pond, layout_basic, chequers_ecumenical_altar_twisty,
          dreamdust_wishing_well
D:2:      layout_rooms, serial_shops, nicolae_shop_rolled_up, serial_glass,
          glass_columns_a, glass_columns_c
D:3:      layout_loops_ring, nicolae_overflow_hidden_temple,
          kennysheep_generic_room_5, uniq_robin, uniq_terence
D:4:      old_forge, layout_basic, nicolae_letterblocks
          [nicolae_letter_subblock, nicolae_letter_subblock,
          nicolae_letter_subblock, nicolae_letter_subblock,
          nicolae_letter_subblock, nicolae_letter_subblock,
          nicolae_letter_subblock, nicolae_letter_subblock,
          nicolae_letter_subblock, nicolae_letter_subblock,
          nicolae_letter_subblock, nicolae_letter_subblock,
          nicolae_letter_subblock, nicolae_letter_subblock,
          nicolae_letter_subblock, nicolae_letter_subblock,
          nicolae_letter_subblock, nicolae_letter_subblock,
          nicolae_letter_subblock, nicolae_letter_subblock,
          nicolae_letter_subblock, nicolae_letter_subblock,
          nicolae_letter_subblock, nicolae_letter_subblock,
          nicolae_letter_subblock]
D:5:      layout_basic, nemelex_xobeh_ov_fountains_minmay,
          jmf_multi_god_temple2, mainiacjoe_overflow_six_doors_small,
          mainiacjoe_overflow_24_doors
D:6:      layout_loops_cross, temple_green, chequers_serial_rivers_marsh,
          uniq_maggie, uniq_crazy_yiuf_cottage, uniq_pikel
D:7:      layout_basic, good_gods_temple_1, serial_shops,
          nicolae_shop_peninsula, minmay_checkerbox
D:8:      layout_rooms, nicolae_qazlal_general_emergency,
          minmay_misc_feat_rugged, uniq_jeremiah
D:9:      layout_irregular_city, kennysheep_mini, enter_bailey_2
D:10:     layout_loops_ring, due_lair_maze_entry_diamond
D:11:     layout_cave_pools, david_orc_3
Lair:1:   layout_chaotic_city, nicolae_lair_grazing_beasts
          [nicolae_sub_lair_graze_edge, nicolae_sub_lair_graze_edge,
          nicolae_sub_lair_graze_edge, nicolae_sub_lair_graze_edge],
          uniq_joseph, uniq_gastronok
Lair:2:   layout_small_grid, nicolae_swamp_entry_splash_gauntlet,
          chequers_serial_rivers_marsh, grunt_megastairs_4
Lair:3:   wander_river, layout_regular_city,
          nicolae_spider_entry_lesser_pyramids, lemuel_fruit_fields, uniq_snorg
Lair:5:   gammafunk_lair_ancient_temple, layout_gridlike, slime_entry_1,
          pdpol_lair_neglected_garden, uniq_urug

Skill      XL: |  1  2  3  4  5  6  7  8  9 10 11 12 13 |
---------------+----------------------------------------+-----
Fighting       | 1 2 3 4 6 7 8 9 |  9.6
Unarmed Combat | 4 5 6 7 8 10 12 14 15 16 | 16.0
Shapeshifting  | 4 5 6 7 8 9 10 | 10.9
Invocations    | 1 4 5 |  5.4
Dodging        | |  1.5

Action                     |  1- 3 |  4- 6 |  7- 9 | 10-12 | 13-15 || total
---------------------------+-------+-------+-------+-------+-------++-------
  Melee: Unarmed           |    78 |   103 |   197 |   480 |    99 ||   957
         Punch             |     3 |     1 |    11 |    28 |     9 ||    52
 Invoke: Ancestor Identity |       |       |     1 |       |       ||     1
         Ancestor Life: He |       |       |       |     1 |       ||     1
Ability: Begin Untransform |     1 |       |       |     1 |       ||     2
  Evoke: Wand              |       |       |       |       |     2 ||     2
    Use: Scroll            |       |       |       |    21 |     2 ||    23
         Potion            |       |       |       |     1 |     1 ||     2
   Stab: Distracted        |       |       |       |     5 |     1 ||     6
         Confused          |       |       |       |     4 |       ||     4
 Armour: Animal skin       |    37 |    73 |    71 |       |       ||   181
         Acid dragon scale |       |       |    47 |   399 |   172 ||   618
  Dodge: Dodged            |    34 |    41 |    79 |   185 |    64 ||   403
   Form: Beast             |     1 |       |       |     1 |       ||     2

Table legend: (Time is in decaauts)
 A = Elapsed time spent in this place.
 B = Non-inter-level travel time spent in this place.
 C = Inter-level travel time spent in this place.
 D = Time resting spent in this place.
 E = Time spent auto-exploring this place.
 F = Levels seen in this place.
 G = Mean time per level.
                   A        B        C        D        E       F      G
               +--------+--------+--------+--------+--------+-----+--------+
         Total |  10312 |  10007 |    305 |      0 |   7770 |  16 |  644.5 |
       Dungeon |   7911 |   7654 |    257 |      0 |   6057 |  11 |  719.2 |
          Lair |   2134 |   2087 |     47 |      0 |   1573 |   4 |  533.5 |
        Bailey |    266 |    266 |      0 |      0 |    140 |   1 |  266.0 |
               +--------+--------+--------+--------+--------+-----+--------+

Top non-repeatable levels by time:
     D:5: 1022 daAuts
  Lair:1: 1021 daAuts
     D:7: 992 daAuts
  Lair:2: 961 daAuts
     D:4: 847 daAuts
    D:10: 840 daAuts
     D:6: 802 daAuts
     D:3: 708 daAuts
     D:9: 699 daAuts
    D:11: 571 daAuts
     D:1: 519 daAuts
     D:8: 471 daAuts
     D:2: 436 daAuts
  Bailey: 266 daAuts
  Lair:3: 97 daAuts
